Map: Overgrown Facility

Players

OpuS - Winner!

  • Race: Protoss Protoss
  • League: Platinum
  • Spawn Location: 7:00

Sketchaphone - Winner!

  • Race: Zerg Zerg
  • League: Platinum
  • Spawn Location: 9:00

IsuckAtHalo

  • Race: Zerg Zerg
  • Spawn Location: 3:00

ClownCorpse

  • Race: Zerg Zerg
  • Spawn Location: 1:00

VOD

Have the link to the VOD?

Description

Time

  • Played on: Feb. 14, 2019, 8:34 p.m.
  • Length: 7:48
Show
View Real Time Build Order
Export as new Build Order

OpuS Protoss - Winner!

Build Orders: 1 Gate Expand 

Get SALT Encoding   

  12  0:01  Probe  
  13  0:16  Pylon  
  13  0:18  Probe  
  14  0:30  Probe  
  15  0:37  Gateway  
  15  0:42  Probe  
  16  0:56  Probe, Assimilator  
  17  1:05  Probe  
  18  1:14  Probe  
  19  1:24  Probe  
  19  1:25  Cybernetics Core  
  20  1:43  Nexus  
  20  1:58  Zealot  
  20  2:00  Pylon, Probe  
  22  2:01  Warp Gate  
  23  2:20  Gateway  
  23  2:26  Gateway  
  23  2:29  Probe  
  24  2:39  Adept  
  24  2:41  Probe  
  27  2:45  Pylon  
  27  2:56  Probe  
  28  2:59  Assimilator  
  28  3:11  Gateway  
  30  3:20  Zealot x2  
  30  3:22  Zealot  
  33  3:33  Probe  
  34  3:37  Probe  
  35  3:42  Stargate  
  35  3:58  Probe x2  
  35  3:59  Adept  
  35  4:00  Adept  
  41  4:03  Adept  
  43  4:11  Probe x2  
  45  4:18  Pylon  
  45  4:22  Zealot  
  48  4:31  Probe x2  
  48  4:35  Phoenix  
  51  4:43  Probe x2  
  53  4:52  Stargate  
  53  4:53  Pylon  
  53  5:02  Phoenix  
  53  5:18  Probe  
  53  5:19  Probe  
  55  5:27  Phoenix  
  57  5:30  Sentry  
  57  5:31  Zealot, Probe x2  
  57  5:32  Adept  
  59  5:44  Probe x2  
  59  5:46  Assimilator  
  59  5:48  Pylon  
  61  5:50  Pylon  
  61  5:52  Phoenix  
  61  5:57  Probe x2  
  61  5:58  Phoenix  
  65  6:10  Probe x2  
  61  6:17  Assimilator, Phoenix  
  63  6:28  Probe  
  63  6:29  Twilight Council, Probe  
  65  6:35  Phoenix  
  67  6:40  Zealot x4  
  67  6:42  Probe x2  
  77  6:54  Probe  
  78  7:05  Gateway  
  78  7:08  Gateway  
  78  7:11  Gateway  
  78  7:12  Stalker x2, Gateway  
  78  7:14  Stalker  
  84  7:20  Stalker  
  78  7:40  Stalker x3  
Show
View Real Time Build Order
Export as new Build Order

Sketchaphone Zerg - Winner!

Build Orders: Hatch First 

Get SALT Encoding   

  12  0:02  Drone  
  13  0:12  Overlord  
  13  0:22  Drone  
  13  0:26  Extractor  
  13  0:27  Drone  
  15  0:35  Drone x2  
  17  0:58  Hatchery  
  17  1:02  Drone  
  17  1:05  Extractor  
  17  1:06  Drone  
  17  1:21  Spawning Pool  
  17  1:23  Drone  
  18  1:25  Drone  
  18  1:28  Drone  
  19  1:38  Drone  
  20  1:49  Overlord  
  20  2:00  Drone  
  21  2:09  Queen  
  21  2:11  Spine Crawler  
  21  2:12  Zergling x2  
  23  2:16  Drone  
  23  2:17  Metabolic Boost  
  24  2:24  Drone x2  
  26  2:33  Queen  
  26  2:36  Drone  
  29  2:44  Overlord  
  29  2:45  Drone  
  30  2:54  Evolution Chamber  
  30  2:57  Drone  
  31  2:58  Drone x2  
  32  3:06  Zergling x2  
  32  3:08  Zergling x2  
  34  3:15  Zergling x2  
  34  3:16  Zergling x2  
  34  3:18  Zergling x2  
  34  3:19  Zergling x4  
  39  3:20  Pneumatized Carapace  
  38  3:28  Zergling x2  
  38  3:29  Overlord  
  39  3:46  Overlord, Drone  
  39  3:48  Overlord  
  40  3:52  Zergling x6  
  40  3:54  Zerg Melee Weapons Level 1  
  43  4:08  Drone  
  43  4:09  Drone  
  45  4:11  Zergling x4  
  47  4:17  Overlord  
  47  4:21  Overlord  
  47  4:24  Zergling x2  
  48  4:31  Zergling x2  
  48  4:32  Zergling x6  
  52  4:45  Hatchery  
  49  4:53  Zergling x10  
  51  5:03  Zergling x4  
  51  5:05  Zergling x6  
  56  5:08  Spore Crawler  
  56  5:09  Drone  
  54  5:22  Zergling x4  
  54  5:24  Zergling x2  
  54  5:30  Zergling x2  
  51  5:44  Overlord, Lair  
  51  5:47  Roach Warren  
  45  5:50  Extractor  
  45  5:51  Overlord, Zerg Ground Armor Level 1  
  45  5:52  Overlord x2  
  45  5:53  Drone x2  
  45  6:03  Zergling x8  
  48  6:08  Zergling x2  
  47  6:22  Zergling x14  
  47  6:29  Spine Crawler  
  47  6:30  Drone x2  
  42  6:37  Drone  
  42  6:41  Zergling x2  
  42  6:42  Roach  
  45  6:51  Queen  
  47  7:00  Evolution Chamber  
  46  7:04  Zergling x4  
  46  7:05  Zergling x2  
  48  7:23  Drone x5  
Show
View Real Time Build Order
Export as new Build Order

IsuckAtHalo Zerg 

Build Orders: Hatch First 

Get SALT Encoding   

  12  0:01  Drone  
  13  0:08  Drone  
  14  0:39  Hatchery  
  14  0:42  Drone  
  14  0:58  Spawning Pool  
  14  1:00  Extractor  
  14  1:03  Drone  
  13  1:09  Drone  
  14  1:18  Overlord  
  14  1:44  Drone  
  14  1:45  Drone x2  
  17  1:51  Queen  
  19  1:57  Drone  
  20  2:16  Drone x3  
  20  2:17  Drone  
  24  2:22  Extractor  
  24  2:25  Drone  
  24  2:28  Drone  
  25  2:43  Lair  
  25  2:46  Drone  
  25  3:03  Drone  
  25  3:04  Drone x2  
  28  3:07  Overlord  
  28  3:25  Queen  
  30  3:29  Extractor  
  30  3:30  Drone x3  
  30  3:31  Overlord  
  32  3:41  Drone x4, Extractor  
  33  3:46  Spire  
  34  4:09  Spine Crawler  
  33  4:11  Spine Crawler  
  33  4:12  Spine Crawler  
  31  4:17  Spine Crawler  
  31  4:18  Drone  
  31  4:19  Drone  
  31  4:21  Drone  
  33  4:25  Drone x2  
  30  4:58  Mutalisk x3  
  33  5:03  Mutalisk  
  8  6:30  Zergling x6  
  8  6:31  Zergling x2  
Show
View Real Time Build Order
Export as new Build Order

ClownCorpse Zerg 

Build Orders: Hatch First 

Get SALT Encoding   

  12  0:01  Drone  
  13  0:14  Overlord  
  13  0:18  Drone  
  14  0:33  Drone x2  
  16  0:37  Drone  
  17  0:57  Hatchery  
  17  0:58  Drone  
  17  1:04  Extractor  
  16  1:16  Spawning Pool  
  15  1:19  Drone  
  15  1:23  Drone  
  17  1:29  Drone  
  18  1:33  Overlord  
  18  1:42  Drone  
  19  1:52  Drone  
  20  2:03  Queen  
  20  2:06  Metabolic Boost  
  22  2:11  Queen  
  24  2:23  Drone  
  24  2:24  Drone x3  
  28  2:37  Zergling x6  
  28  2:42  Queen  
  33  2:49  Drone x2  
  35  2:59  Overlord x2  
  35  3:09  Drone  
  36  3:28  Drone  
  36  3:29  Drone x7  
  36  3:32  Lair  
  44  3:38  Drone x2  
  45  3:51  Extractor  
  45  3:52  Extractor  
  45  3:55  Drone x4, Extractor  
  46  3:59  Roach Warren  
  44  4:06  Zergling x2  
  44  4:07  Zergling x8  
  48  4:19  Zergling x2  
  48  4:20  Zergling x4  
  48  4:21  Overlord x2  
  51  4:29  Overlord x2  
  48  4:53  Zergling x16  
  48  4:54  Zergling x2  
  52  5:10  Roach  
  52  5:11  Roach x2  
  58  5:24  Roach  
  58  5:25  Roach x2  
  60  5:38  Overlord x2  
  60  5:39  Roach x2  
  60  5:40  Roach x2  
  67  5:49  Roach x2, Glial Reconstitution  
  71  6:00  Roach x3  
  71  6:03  Roach x2  
  81  6:07  Roach x2  
  85  6:29  Roach x4  
  89  6:49  Evolution Chamber  
  89  6:50  Evolution Chamber  
  89  6:53  Hydralisk Den, Drone x7  
  93  6:57  Spire  
  92  7:07  Roach  
  92  7:08  Overlord, Roach x2  
  98  7:09  Overlord  
  98  7:25  Overlord x3  
  98  7:26  Overlord  
Tags
 
Add a new tag
Caveats
  • Supply blocks, unpowered buildings, or Contaminate may cause inaccurate times.
  • Supply counts are checked every 10 seconds.